 Dungeon Sprint DCSS version 0.15-a0-1253-g15b4f57 (webtiles) character file.

179 MDvedh the Basher (level 5, -10/32 HPs)
             Began as a Gargoyle Berserker on June 4, 2014.
             Was a Believer of Trog.
             Splashed by a jelly's acid (11 damage)
             ... in the Dungeon (Sprint I: "Red Sonja").
             The game lasted 00:00:36 (426 turns).

MDvedh the Basher (Gargoyle Berserker)               Turns: 426, Time: 00:00:37

HP -10/32        AC -13    Str 21      XL: 5   Next: 59%
MP   5/5         EV 12     Int  8      God: Trog [**....]
Gold 125         SH  0     Dex  9      Spells:  0 memorised,  4 levels left

rFire  . . .     SeeInvis .     a - +0 mace
rCold  . . .     Clarity  .     b - +0 animal skin
rNeg   + . .     rCorr    .     (no shield)
rPois  +         rRot     +     (no helmet)
rElec  +         Spirit   .     (no cloak)
SustAb .         Warding  .     (no gloves)
rMut   .         NoTele   +     (no boots)
Gourm  .                        (no amulet)
MR     .....                    (no ring)
                                (no ring)

@: corroded equipment, not resistant to hostile enchantments, very unstealthy
A: life protection 1, electricity resistance, unbreathing, petrification
resistance, rot immunity, AC +4
a: Burn Spellbooks, Berserk, Trog's Hand, Renounce Religion


You were in the Dungeon.
You worshipped Trog.
Trog was pleased with you.
You were hungry.

You visited 1 branch You collected 125 gold pieces.

Inventory:

Hand weapons
 a - a +0,+0 mace (weapon)
Armour
 b - a +0 animal skin (worn)
Comestibles
 c - a bread ration
Scrolls
 i - a scroll of blinking
Potions
 d - a potion of curing
 e - a potion of heal wounds
 f - a potion of haste
 g - 2 potions of magic
 h - a potion of berserk rage


   Skills:
 - Level 3.2 Fighting
 + Level 11.2 Maces & Flails
 - Level 2.1 Armour
 - Level 1.5 Dodging


You had 4 spell levels left.
You didn't know any spells.

Dungeon Overview and Level Annotations

Branches:
Dungeon (1/1)

Altars:
Sif Muna
Vehumet


Innate Abilities, Weirdness & Mutations

You are resistant to torment.
You are immune to poison.
Your stone body is very resilient (AC +4).
You resist negative energy.
You are resistant to electric shocks.
You can survive without breathing.
You are immune to petrification.
You are immune to rotting.


Message History

The jelly hits you.
You are splashed with acid!
The acid corrodes your equipment!
The acid burns!
You hit the jelly but do no damage. The acid corrodes your equipment!
The jelly is severely wounded.
You hit the jelly but do no damage.
The jelly is severely wounded.
The jelly closely misses you.
You hit the jelly but do no damage.
The jelly is severely wounded.
The jelly hits you.
You are splashed with acid!
The acid burns!
* * * LOW HITPOINT WARNING * * *
You are too injured to fight recklessly!
You are too injured to fight recklessly!
You are too injured to fight recklessly!
You hit the jelly but do no damage. The acid corrodes your equipment!
The jelly is severely wounded.
The jelly hits you.
* * * LOW HITPOINT WARNING * * *
You are splashed with acid!
The acid burns!
You die...

################
#<.#..)..#..'..#
#..').#..').#..+
#..#####'#####'#
#..# #..# #(#
#..# #### #@#
#..# #.J+ #⌠⌠#
..._# ####
#_.#+# ##+


You could see a jelly.

Vanquished Creatures
  An ogre (D)
  Sigmund (D)
  Ijyb (D)
3 creatures vanquished.

Vanquished Creatures (others)
  A gargoyle (D)
1 creature vanquished.

Grand Total: 4 creatures vanquished

Notes
Turn   | Place    | Note
--------------------------------------------------------------
     0 | D        | MDvedh, the Gargoyle Berserker, began the quest for the Orb.
     0 | D        | Reached XP level 1. HP: 14/14 MP: 1/1
     1 | D        | Noticed Ijyb
     9 | D        | Killed Ijyb
     9 | D        | Reached skill level 5 in Maces & Flails
     9 | D        | Reached XP level 2. HP: 16/19 MP: 2/2
    59 | D        | Noticed an ogre
    66 | D        | Killed an ogre
    66 | D        | Reached skill level 9 in Maces & Flails
    66 | D        | Reached XP level 3. HP: 7/23 MP: 3/3
    66 | D        | Reached XP level 4. HP: 8/28 MP: 4/4
   170 | D        | Killed a gargoyle
   305 | D        | Noticed Sigmund
   311 | D        | Killed Sigmund
   311 | D        | Acquired Trog's second power
   311 | D        | Reached skill level 11 in Maces & Flails
   311 | D        | Reached XP level 5. HP: 30/32 MP: 5/5
   417 | D        | Found a deep blue altar of Sif Muna.
   418 | D        | Noticed a jelly
   419 | D        | Found a radiant altar of Vehumet.
   426 | D        | HP: 1/32 [jelly (2)]
   426 | D        | Splashed by a jelly's acid

Action                   |  1- 3 |  4- 6 || total
-------------------------+-------+-------++-------
Melee: Mace              |    13 |    10 ||    23
Invok: Berserk           |     1 |     1 ||     2
